 Dungeon Crawl Stone Soup version 0.30-a0-881-g1ff12e1e11 (webtiles) character file.

Game seed: 1386545485214465927

26 NinjaNoafa the Conjurer (level 2, 0/20 HPs)
             Began as a Draconian Conjurer on Mar 14, 2023.
             Slain by an iron imp (6 damage)
             ... summoned by Natasha
             ... on level 2 of the Dungeon.
             The game lasted 00:03:07 (1056 turns).

NinjaNoafa the Conjurer (Draconian Conjurer)        Turns: 1056, Time: 00:03:08

Health: 0/20       AC:  4    Str:  6 (9)  XL:     2   Next: 89%
Magic:  1/5        EV: 11    Int: 17 (18) God:
Gold:   75         SH:  0    Dex:  8 (9)  Spells: 3/6 levels left

rFire   . . .      SeeInvis .    d - +0 dagger
rCold   . . .      Faith    .    (no shield)
rNeg    . . .      Spirit   .    (body armour unavailable)
rPois   .          Reflect  .    (helmet restricted)
rElec   .          Rampage  .    (no cloak)
rCorr   .                        (no gloves)
Will    .....                    (no boots)
Stlth   +                        (no amulet)
HPRegen 0.23/turn                e - ring of flight
MPRegen 0.09/turn                (no ring)

@: flying
A: AC +4, unfitting armour, cold-blooded
a: no special abilities


You were on level 2 of the Dungeon.
You visited 1 branch of the dungeon, and saw 4 of its levels.

You collected 75 gold pieces.

Inventory:

Hand Weapons
 d - a +0 dagger (weapon)
Jewellery
 e - a ring of flight (left hand)
Scrolls
 a - a scroll of teleportation
 b - a scroll of poison
 c - 2 scrolls of identify
Potions
 f - a potion of degeneration


   Skills:
 - Level 1.7 Dodging
 - Level 1.7 Stealth
 + Level 2.6 Spellcasting
 + Level 4.5 Conjurations


You had 3 spell levels left.
You knew the following spells:

 Your Spells              Type           Power      Damage    Failure   Level
a - Magic Dart            Conj           68%        1d6       2%          1
b - Searing Ray           Conj           34%        2d5       4%          2

Your spell library contained the following spells:

 Spells                   Type           Power      Damage    Failure   Level
 Slow                     Hex            8%         N/A       19%         1
 Dazzling Flash           Conj/Hex       18%        N/A       22%         3
 Confusing Touch          Hex            2%         N/A       47%         3
 Vampiric Draining        Necr           2%         2d6       47%         3
 Fulminant Prism          Conj/Hex       4%         3d5       56%         4
 Iskenderun's Mystic Bla  Conj/Tloc      9%         2d4       56%         4
 Yara's Violent Unravell  Hex/Tmut       1%         3d3       99%         5
 Enfeeble                 Hex            1%         N/A       100%        7


Dungeon Overview and Level Annotations

Branches:
Dungeon (4/15)
 Temple: D:4-7

Altars:

Shops:
D:1 =??*(

Annotations:
D:2 Natasha


Innate Abilities, Weirdness & Mutations

Your plain brown scales are hard. (AC +4)
You cannot fit into any form of body armour.
You are cold-blooded and may be slowed by cold attacks.


Message History

You now have 75 gold pieces (gained 6).
There is a stone staircase leading down here.
Found 3 stones.
There is a stone staircase leading up here.
You fly upwards.
Natasha hisses angrily.
Natasha wildly gestures.
You feel troubled.
There is a stone staircase leading down here.
Natasha is nearby!
Natasha is nearby!
Natasha is nearby!
Casting: Searing Ray (safe; 4% risk of failure)
Confirm with . or Enter, or press ? or * to list all spells.
Aiming: Searing Ray (safe; 4% risk of failure)
Press: ? - help, Shift-Dir - straight line, f - Natasha
Aim: Natasha (72% to hit)
The searing ray hits Natasha.
Natasha is moderately wounded. (Press . to maintain the ray.)
The searing ray hits Natasha.
Natasha is heavily wounded.
Natasha claws you.
The searing ray hits Natasha.
Natasha is severely wounded.
Natasha mumbles some strange words.
You hit Natasha but do no damage.
Natasha is severely wounded.
Natasha claws you.
You hit Natasha but do no damage.
Natasha is severely wounded.
The iron imp barely misses you. Natasha claws you but does no damage.
Natasha attacks as you move away! Natasha closely misses you.
The iron imp hits you but does no damage.
Natasha stares at you and mumbles some strange words.
The magic dart hits you!
* * * LOW HITPOINT WARNING * * *
There is a stone staircase leading down here.
The iron imp hits you.
You die...

# # #.
#.#.
##....
#.....#+##
#.......@#
#.....h.5#
##.......#
+.......#
#.......#
######...
#.##. #.#
. #.# .


You could see an iron imp (summoned) and Natasha.

Vanquished Creatures
  An adder (D:4)
  2 orcs (D:4)
  A bat (D:1)
  3 goblins (D:1)
  A hobgoblin (D:1)
  A quokka (D:4)
  2 ball pythons
  A frilled lizard (D:1)
  2 kobolds (D:1)
  2 rats (D:1)
16 creatures vanquished.

Notes
Turn   | Place    | Note
-------+----------+-------------------------------------------
     0 | D:1      | NinjaNoafa the Draconian Conjurer began the quest for the
                  | Orb.
     0 | D:1      | Reached XP level 1. HP: 14/14 MP: 3/3
    91 | D:1      | Found Pilucom's Magic Scroll Shop.
   141 | D:1      | Found Useakh's Jewellery Shop.
   152 | D:1      | Found Qoffeoj's Magic Scroll Emporium.
   220 | D:1      | Found Kyam's General Store.
   407 | D:1      | Reached XP level 2. HP: 20/20 MP: 1/5
   410 | D:1      | Learned a level 2 spell: Searing Ray
   445 | D:1      | Found Boyqerhuno's Weapon Boutique.
   770 | D:2      | Noticed a scorpion
   832 | D:2      | You are sucked into a shaft and drop 2 floors!
  1048 | D:2      | Noticed Natasha
  1056 | D:2      | Slain by an iron imp

Illustrated notes

Levels and vault maps discovered:
D:1:      lightli_arrival_farm, layout_basic, serial_shops,
          nicolae_shop_statue_plus, shop_statue, shop,
          nicolae_shop_behind_doors, nicolae_lakefront_shop,
          minmay_misc_feat_plants
D:2:      layout_basic, minmay_misc_feat_columns, uniq_sigmund, uniq_natasha
D:3:      layout_basic, nicolae_wu_jian_glorious_leap,
          mainiacjoe_overflow_tiny_flanked, gammafunk_temple_overflow_claw,
          nicolae_uskayaw_suspiria
D:4:      minmay_angry_zag, layout_basic

Action                     || total
---------------------------++-------
  Melee: Dagger            ||    17
         Unarmed           ||     5
   Cast: Magic Dart        ||    17
         Searing Ray       ||     6
    Use: Potion            ||     2
         Scroll            ||     3
 Armour: Skin              ||    11
  Dodge: Dodged            ||    23

Table legend: (Time is in decaauts)
 A = Elapsed time spent in this place.
 B = Non-inter-level travel time spent in this place.
 C = Inter-level travel time spent in this place.
 D = Time resting spent in this place.
 E = Time spent auto-exploring this place.
 F = Levels seen in this place.
 G = Mean time per level.
                   A        B        C        D        E       F      G
               +--------+--------+--------+--------+--------+-----+--------+
         Total |   1057 |    988 |     69 |     68 |    682 |   4 |  264.2 |
       Dungeon |   1057 |    988 |     69 |     68 |    682 |   4 |  264.2 |
               +--------+--------+--------+--------+--------+-----+--------+

Top non-repeatable levels by time:
     D:1: 781 daAuts
     D:4: 198 daAuts
     D:2: 60 daAuts
     D:3: 16 daAuts
